Map: Eternal Empire LE

Players

TLHarstem (Harstem) - Winner!

  • Race: Protoss Protoss
  • League: Master
  • Spawn Location: 7:00

BratOK (Brat_OK)

  • Race: Terran Terran
  • League: Grandmaster
  • Spawn Location: 1:00

Event: DreamHack SC2 Masters 2020 Summer Europe

VOD

Have the link to the VOD?

Description

Time

  • Played on: July 2, 2020, 11:02 a.m.
  • Length: 12:36

All games in this series

Show
View Real Time Build Order
Export as new Build Order

TLHarstem Protoss - Winner!

Build Orders: 1 Gate Expand, Zealot Archon 

Get SALT Encoding   

  12  0:01  Probe  
  13  0:13  Probe  
  14  0:17  Pylon  
  14  0:25  Probe  
  15  0:33  Probe  
  15  0:35  Gateway  
  15  0:41  Probe  
  16  0:47  Assimilator  
  17  0:51  Probe  
  18  1:03  Probe  
  19  1:16  Probe  
  20  1:22  Cybernetics Core  
  20  1:33  Nexus  
  20  1:38  Pylon  
  20  1:41  Probe  
  21  1:47  Assimilator  
  21  1:48  Adept  
  21  1:53  Probe  
  24  2:05  Probe  
  25  2:09  Stalker  
  25  2:13  Warp Gate  
  25  2:18  Probe  
  28  2:32  Probe  
  29  2:38  Adept, Robotics Facility  
  31  2:44  Probe  
  31  2:50  Probe  
  33  2:56  Probe  
  34  3:02  Probe  
  33  3:08  Probe  
  33  3:09  Sentry  
  33  3:12  Gateway, Probe  
  36  3:16  Probe  
  37  3:20  Probe  
  37  3:24  Probe, Pylon  
  40  3:27  Observer  
  40  3:28  Probe  
  42  3:35  Probe  
  42  3:40  Probe  
  44  3:43  Pylon  
  44  3:44  Gateway  
  44  3:47  Probe  
  45  3:51  Pylon  
  45  3:52  Probe  
  45  3:59  Probe  
  45  4:02  Observer  
  47  4:03  Stalker  
  47  4:04  Probe  
  47  4:07  Stalker  
  52  4:10  Pylon  
  52  4:11  Probe  
  53  4:21  Probe  
  54  4:25  Probe  
  54  4:26  Nexus  
  54  4:28  Observer  
  54  4:30  Pylon  
  55  4:31  Assimilator  
  55  4:33  Probe  
  55  4:37  Probe, Pylon  
  58  4:44  Forge  
  58  4:45  Probe  
  59  4:47  Twilight Council  
  59  4:50  Probe  
  60  4:53  Zealot x2  
  60  4:54  Assimilator  
  60  4:57  Probe  
  63  5:02  Probe  
  63  5:03  Zealot  
  63  5:04  Charge  
  66  5:09  Probe, Pylon  
  66  5:13  Probe  
  68  5:15  Protoss Ground Armor Level 1  
  68  5:18  Probe  
  68  5:21  Probe  
  68  5:26  Probe  
  70  5:28  Gateway  
  70  5:29  Probe  
  72  5:36  Probe  
  72  5:37  Probe  
  72  5:40  Probe  
  72  5:42  Gateway x2  
  75  5:44  Templar Archives  
  75  5:45  Probe  
  75  5:48  Probe  
  77  5:53  Gateway  
  77  5:55  Probe  
  78  6:05  Gateway x2, Warp Prism  
  78  6:06  Gateway  
  79  6:18  Stalker x3  
  85  6:25  Probe  
  86  6:27  Probe x2, Pylon  
  86  6:29  Assimilator  
  86  6:32  Pylon  
  86  6:34  High Templar  
  86  6:36  High Templar  
  86  6:37  Probe, Pylon  
  86  6:38  Warp Prism, Zealot  
  93  6:40  Archon  
  93  6:44  High Templar  
  93  6:45  High Templar, Zealot  
  99  6:52  Zealot  
  99  6:53  Archon  
  101  6:59  Nexus  
  100  7:03  Zealot x4  
  100  7:05  Probe  
  100  7:07  Protoss Ground Weapons Level 1  
  109  7:10  High Templar x2  
  109  7:11  Zealot  
  115  7:16  Archon  
  115  7:17  Immortal, Zealot x3  
  115  7:19  Probe  
  115  7:20  Probe  
  115  7:21  Probe  
  128  7:30  Zealot x3  
  134  7:47  Immortal  
  120  7:52  Probe x2  
  120  7:56  Zealot x9  
  126  7:59  Probe  
  126  8:02  Blink  
  108  8:05  Probe  
  108  8:06  Probe  
  108  8:11  Robotics Bay  
  108  8:12  Robotics Facility  
  105  8:17  Sentry  
  105  8:18  Stalker, Zealot  
  105  8:19  Stalker  
  113  8:20  Probe x2  
  113  8:21  Immortal  
  113  8:23  Probe  
  113  8:24  Pylon  
  113  8:26  Unknown  
  120  8:40  Zealot x4  
  126  8:43  Zealot  
  126  8:49  Zealot  
  126  8:50  Zealot x2  
  116  8:56  Zealot  
  116  8:57  Zealot  
  116  9:01  Observer  
  116  9:02  Extended Thermal Lance  
  113  9:06  Probe  
  114  9:16  Stalker  
  114  9:17  Stalker x4  
  118  9:18  Nexus, Probe  
  118  9:21  Protoss Ground Weapons Level 2  
  125  9:24  Colossus  
  125  9:30  Probe  
  132  9:34  Colossus  
  132  9:35  Sentry, High Templar x2, Zealot  
  140  9:39  Photon Cannon  
  140  9:40  Archon  
  140  9:41  Probe x2  
  148  9:48  Gateway  
  148  9:49  Pylon  
  148  9:50  Probe x2, Pylon  
  150  10:02  Forge  
  146  10:09  Pylon  
  146  10:12  Colossus  
  146  10:13  Stalker x5, Pylon  
  157  10:14  Probe  
  157  10:18  Stalker x3  
  157  10:19  Observer  
  164  10:23  Photon Cannon  
  164  10:31  Pylon  
  164  10:34  Gravitic Boosters, Stalker  
  164  10:35  Stalker  
  174  10:37  Stalker  
  176  10:46  Stalker x5  
  185  10:57  Zealot x3  
  185  10:58  Zealot x2  
  185  11:04  Stargate  
  195  11:16  Warp Prism  
  191  11:18  Zealot  
  191  11:19  Zealot x3  
  181  11:33  Stalker  
  181  11:34  Stalker x6  
  193  11:45  Stalker x3  
  185  12:04  Stalker x7  
  172  12:30  Zealot x8  
  172  12:31  Zealot x3  
Show
View Real Time Build Order
Export as new Build Order

BratOK Terran 

Build Orders: Mech 

Get SALT Encoding   

  12  0:00  SCV  
  13  0:12  SCV  
  14  0:17  Supply Depot  
  14  0:24  SCV  
  15  0:39  SCV  
  15  0:40  Barracks  
  16  0:44  Refinery  
  16  0:51  SCV  
  17  1:03  SCV  
  18  1:15  SCV  
  19  1:27  Orbital Command, Barracks Reactor  
  19  1:43  Command Center  
  19  1:51  Supply Depot  
  19  1:55  SCV  
  20  2:04  Marine x2  
  22  2:11  Factory  
  22  2:16  SCV  
  22  2:21  Marine  
  22  2:22  Marine  
  25  2:30  Bunker  
  25  2:33  SCV  
  26  2:40  Marine x2  
  28  2:45  SCV  
  29  2:57  Orbital Command  
  29  3:04  SCV  
  30  3:09  Hellion x2  
  34  3:15  Supply Depot  
  34  3:18  SCV  
  35  3:23  SCV  
  36  3:30  SCV  
  36  3:31  Hellion x2  
  41  3:36  SCV  
  41  3:40  Command Center  
  42  3:47  Supply Depot, Barracks Tech Lab  
  42  3:55  SCV  
  41  4:04  SCV  
  41  4:07  SCV  
  41  4:08  Refinery x3  
  43  4:16  SCV  
  44  4:19  SCV  
  44  4:21  Siege Tank, Factory  
  44  4:22  Factory  
  48  4:24  Barracks Tech Lab  
  48  4:30  SCV  
  50  4:31  SCV  
  50  4:42  SCV  
  50  4:43  SCV  
  50  4:44  Armory  
  52  4:50  Supply Depot  
  52  4:56  Siege Tank  
  55  5:01  Orbital Command  
  55  5:02  SCV x2  
  57  5:08  Hellion  
  57  5:09  Hellion  
  57  5:13  Cyclone, Mag-Field Accelerator  
  64  5:16  SCV  
  65  5:24  Engineering Bay  
  65  5:30  Cyclone  
  65  5:34  Terran Vehicle Weapons Level 1, SCV  
  69  5:41  Orbital Command, SCV  
  70  5:47  SCV  
  71  5:51  Cyclone, Hellion x2  
  71  5:52  Supply Depot  
  78  5:58  SCV  
  78  5:59  SCV  
  79  6:05  Factory  
  79  6:07  SCV  
  79  6:10  Factory, SCV  
  79  6:11  SCV  
  82  6:15  Barracks Reactor  
  82  6:16  Cyclone  
  85  6:19  SCV  
  85  6:21  Supply Depot  
  85  6:23  SCV x2  
  85  6:25  Supply Depot  
  88  6:31  SCV  
  89  6:34  Missile Turret  
  89  6:35  SCV x2  
  89  6:38  Supply Depot  
  91  6:40  Armory  
  90  6:48  Infernal Pre-Igniter  
  90  6:49  Cyclone x2  
  90  6:53  Factory Tech Lab  
  96  6:59  Drilling Claws  
  96  7:00  Missile Turret  
  90  7:01  Hellion x2  
  90  7:02  Missile Turret  
  90  7:05  Supply Depot  
  92  7:13  Cyclone, Supply Depot, Hellion  
  92  7:14  SCV  
  92  7:15  Supply Depot  
  97  7:16  SCV  
  97  7:20  Supply Depot  
  98  7:26  SCV x2  
  98  7:27  Cyclone  
  98  7:28  SCV  
  104  7:31  Terran Vehicle And Ship Armor Level 1  
  104  7:34  Refinery  
  104  7:36  Supply Depot  
  104  7:39  Missile Turret  
  104  7:42  Cyclone  
  107  7:45  Cyclone  
  107  7:50  Hellion  
  109  7:55  Widow Mine x2  
  109  7:56  SCV  
  109  7:57  SCV x2  
  101  7:59  Cyclone, Hellion  
  88  8:09  SCV x2  
  90  8:14  SCV  
  90  8:19  Cyclone x2  
  101  8:20  Widow Mine x2  
  101  8:21  SCV x2  
  101  8:26  SCV  
  104  8:33  SCV x2  
  106  8:36  Command Center  
  106  8:39  Cyclone  
  106  8:40  Widow Mine, SCV  
  112  8:54  Cyclone x2, Widow Mine  
  110  8:59  Widow Mine  
  110  9:00  SCV x2  
  97  9:05  Refinery  
  94  9:11  Cyclone, Hellion x2  
  94  9:16  Factory, Hellion  
  103  9:17  Factory  
  99  9:27  Cyclone  
  99  9:28  Cyclone, Hellion  
  107  9:32  Hellion  
  107  9:36  Missile Turret  
  107  9:37  Missile Turret  
  113  9:38  Hellion x2  
  113  9:42  Factory, SCV x2  
  113  9:43  Hellion  
  117  9:48  Planetary Fortress  
  117  9:50  SCV  
  118  9:54  SCV x2  
  122  10:00  Cyclone  
  122  10:03  Factory Reactor, Factory Tech Lab  
  122  10:11  SCV x2  
  122  10:12  Refinery, Terran Vehicle And Ship Armor Level 2  
  122  10:13  Refinery  
  124  10:15  Cyclone x2  
  124  10:16  Hellion x2  
  124  10:17  Hellion  
  136  10:25  SCV x2  
  136  10:26  Missile Turret  
  136  10:27  Factory Tech Lab  
  138  10:32  Cyclone x2  
  138  10:33  Widow Mine  
  146  10:40  Widow Mine  
  148  10:47  Cyclone, Supply Depot x2, Missile Turret  
  149  10:55  Cyclone x2  
  153  11:13  Cyclone  
  153  11:14  Cyclone  
  157  11:20  Siege Tank  
  146  11:28  Siege Tank  
  146  11:31  Siege Tank, Widow Mine  
  141  11:35  Hellion x5  
  151  11:40  SCV  
  151  11:45  Siege Tank  
  151  11:46  Hellion  
  156  11:50  Command Center  
  156  11:52  Siege Tank  
  156  11:53  Hellion  
  149  11:56  Hellion x2  
  149  12:00  Siege Tank  
  144  12:03  Siege Tank  
  144  12:04  Orbital Command  
Tags
 
Add a new tag
Caveats
  • Supply blocks, unpowered buildings, or Contaminate may cause inaccurate times.
  • Supply counts are checked every 10 seconds.